 Dungeon Crawl Stone Soup version 0.31-a0-182-gc5ef74bbde (webtiles) character file.

Game seed: 4798349171180861013

543 qw the Shield-Bearer (level 7, 0/45 HPs)
             Began as a Gargoyle Fighter on June 20, 2023.
             Slain by an ice beast (9 damage)
             ... on level 5 of the Dungeon.
             The game lasted 00:02:01 (3519 turns).

qw the Shield-Bearer (Gargoyle Fighter)             Turns: 3519, Time: 00:02:01

Health: 0/45       AC: 13    Str: 22    XL:     7   Next: 27%
Magic:  7/7        EV:  5    Int:  8    God:
Gold:   180        SH: 15    Dex:  9    Spells: 6/6 levels left

rFire   . . .        Y - +0 war axe
rCold   . . .        a - +2 tower shield
rNeg    + . .        f - +0 chain mail
rPois   inf          (no helmet)
rElec   +            (no cloak)
rCorr   .            (no gloves)
SInv    .            (no boots)
Will    .....        e - amulet of faith Stlth
                     (no ring)
HPRegen 0.27/turn    (no ring)
MPRegen 0.10/turn

%: faith
@: about to teleport
A: sickness immunity, AC +4, negative energy resistance 1, electricity
resistance, torment resistance 1, petrification resistance, robust 1, no potion
heal 1
a: no special abilities


You were on level 5 of the Dungeon.
You visited 1 branch of the dungeon, and saw 5 of its levels.

You collected 180 gold pieces.


Innate Abilities, Weirdness & Mutations

You are immune to sickness and miasma.
Your stone body is resilient. (AC +4)
You are immune to poison.
You resist negative energy. (rN+)
You are resistant to electric shocks. (rElec)
You are resistant to unholy torment.
You are immune to petrification.
You are robust. (+10% HP)
Potions are less effective at restoring your health.


   Skills:
 - Level 3.2 Fighting
 - Level 4.3 Axes
 - Level 3.2 Armour
 + Level 7.4 Shields


You had 6 spell levels left.
You didn't know any spells.
Your spell library was empty.

Inventory:

Hand Weapons
 b - a +0 flail
 c - a +1 flail of draining
 Y - a +0 war axe (weapon)
Armour
 a - a +2 tower shield (worn)
 f - a +0 chain mail (worn)
Jewellery
 e - an amulet of faith (around neck)
Scrolls
 k - a scroll of identify
Potions
 d - 2 potions of might
 g - a potion of magic {unknown}
 i - a potion of curing
 j - a potion of haste
 l - a potion of lignification {unknown}
 m - a potion of brilliance {unknown}

Dungeon Overview and Level Annotations

Branches:
Dungeon (5/15)
 Temple: D:4-7

Altars:
Qazlal
Sif Muna
Vehumet

Shops:
D:4 :

Annotations:
D:1 exclusions: giant cockroach and 3 rats


Message History

You barely miss the scorpion.
The scorpion is heavily wounded.
You block the scorpion's attack. x2
You closely miss the scorpion.
The scorpion is heavily wounded.
The scorpion stings you but does no damage.
You block the scorpion's attack.
You hit the scorpion.
The scorpion is severely wounded.
You block the scorpion's attack. x2
You completely miss the scorpion.
The scorpion is severely wounded.
You block the scorpion's attack. x2
You hit the scorpion but do no damage.
The scorpion is severely wounded.
The scorpion barely misses you.
You hit the scorpion but do no damage.
The scorpion is severely wounded.
The scorpion stings you but does no damage.
The scorpion stings you.
You hit the scorpion.
You kill the scorpion!
You block the ice beast's attack.
You barely miss the ice beast. The ice beast hits you.
The ice beast freezes you.
You hit the ice beast.
The ice beast is lightly wounded.
The ice beast hits you. The ice beast freezes you! The ice beast hits you.
The ice beast freezes you!
3517 ||| READING scroll of teleportation.
As you read the scroll of teleportation, it crumbles to dust.
You feel strangely unstable. You block the ice beast's attack.
You closely miss the ice beast.
The ice beast is lightly wounded.
You block the ice beast's attack.
You barely miss the ice beast.
The ice beast is lightly wounded.
The ice beast hits you. The ice beast freezes you!
You die...

#...<..~~~~~~
###.#.#..~~~.
#.#.#.7.P..
#.#...# ###
#.#.##..# #.#.#
.# #.#.# .#
#.#.####.##
#@.......
#.....Y.?.....#
###.########.##
#


You could see an ice beast.

Vanquished Creatures
  Sigmund (D:4)
  A scorpion (D:5)
  An orc priest (D:4)
  An iguana (D:4)
  2 orc wizards
  4 gnolls (D:4)
  8 adders
  2 worms (D:2)
  5 dart slugs
  8 orcs
  8 ball pythons
  3 endoplasms
  6 giant cockroaches
  8 goblins
  5 hobgoblins
  4 jackals (D:2)
  5 kobolds
  5 quokkas
  5 bats
  5 frilled lizards
  7 rats
  A spectral kobold (D:1)
95 creatures vanquished.

Notes
Turn   | Place    | Note
-------+----------+-------------------------------------------
     0 | D:1      | qw the Gargoyle Fighter began the quest for the Orb.
     0 | D:1      | Reached XP level 1. HP: 14/14 MP: 1/1
     0 | D:1      | 0 ||| qw: Version: 0.3-a-9-g12657ce
     0 | D:1      | 0 ||| qw: Game counter: 1187
     0 | D:1      | 0 ||| qw: Always use a shield: true
     0 | D:1      | 0 ||| qw: God list: Okawaru
     0 | D:1      | 0 ||| qw: Allow faded altars: false
     0 | D:1      | 0 ||| qw: Do Orc after D:15 true
     0 | D:1      | 0 ||| qw: Do second Lair branch before Depths: true
     0 | D:1      | 0 ||| qw: Lair rune preference: random
     0 | D:1      | 0 ||| qw: Plans: Normal, Zot:1-4, Slime:5, God:TSO, Crypt,
                  | Tomb, Abyss, Pan, Hells, Win
     0 | D:1      | 0 ||| PLANNING D:1-11
     7 | D:1      | 7 ||| Stepping ~*~*~tactically~*~*~ (stealth).
   148 | D:1      | 148 ||| Stepping ~*~*~tactically~*~*~ (stealth).
   155 | D:1      | Reached XP level 2. HP: 19/19 MP: 2/2
   217 | D:1      | Found a faded altar of an unknown god.
   226 | D:1      | 226 ||| Stepping ~*~*~tactically~*~*~ (hiding).
   322 | D:1      | Reached skill level 3 in Axes
   338 | D:1      | Reached XP level 3. HP: 23/23 MP: 3/3
   490 | D:1      | 490 ||| FLEEEEING.
   502 | D:1      | 502 ||| DROPPING +0 club.
   809 | D:1      | 809 ||| UPGRADING to +0 chain mail.
   819 | D:1      | 819 ||| DROPPING +0 scale mail.
   820 | D:1      | 820 ||| READING scroll labelled XOUF TI TUFFI.
   821 | D:1      | 821 ||| READING scroll labelled JEMUIS DECU.
   822 | D:1      | 822 ||| READING scroll labelled SULAASS LIEXU.
   827 | D:1      | 827 ||| READING scroll labelled OSOBEO XAXEKI.
   828 | D:1      | 828 ||| DRINKING 2 dark potions.
  1004 | D:2      | Reached XP level 4. HP: 28/28 MP: 4/4
  1018 | D:2      | 1018 ||| Stepping ~*~*~tactically~*~*~ (stealth).
  1328 | D:2      | 1328 ||| UPGRADING to +2 tower shield.
  1338 | D:2      | 1338 ||| DROPPING +0 buckler.
  1339 | D:2      | 1339 ||| DRINKING 3 glowing sapphire potions.
  1379 | D:3      | 1379 ||| Stepping ~*~*~tactically~*~*~ (stealth).
  1387 | D:3      | 1387 ||| DRINKING 2 potions of curing.
  1387 | D:3      | 1387 ||| (to cure confusion)
  1414 | D:3      | Reached skill level 4 in Shields
  1414 | D:3      | Reached XP level 5. HP: 14/32 MP: 5/5
  1607 | D:3      | Found a stormy altar of Qazlal.
  1734 | D:3      | 1734 ||| Stepping ~*~*~tactically~*~*~ (stealth).
  1737 | D:3      | 1737 ||| Stepping ~*~*~tactically~*~*~ (stealth).
  1766 | D:3      | 1766 ||| Stepping ~*~*~tactically~*~*~ (stealth).
  1773 | D:3      | 1773 ||| Stepping ~*~*~tactically~*~*~ (stealth).
  1857 | D:3      | 1857 ||| Stepping ~*~*~tactically~*~*~ (stealth).
  2272 | D:3      | 2272 ||| UPGRADING to amulet of faith.
  2277 | D:3      | 2277 ||| READING scroll labelled GEMO VIRPHUFO.
  2278 | D:3      | 2278 ||| READING scroll labelled UMAATHRAUFO.
  2279 | D:3      | 2279 ||| READING scroll labelled WITEM VONEAC.
  2280 | D:3      | 2280 ||| DRINKING 2 lumpy green potions.
  2280 | D:3      | Gained mutation: You are strong-willed. (Will+) [potion of
                  | mutation]
  2280 | D:3      | Gained mutation: You are dopey. (Int -2) [potion of
                  | mutation]
  2280 | D:3      | Gained mutation: Potions are less effective at restoring
                  | your health. [potion of mutation]
  2281 | D:3      | 2281 ||| DRINKING potion of mutation.
  2281 | D:3      | Lost mutation: You are dopey. (Int -2) [potion of mutation]
  2281 | D:3      | Lost mutation: You are strong-willed. (Will+) [potion of
                  | mutation]
  2281 | D:3      | Gained mutation: You are robust. (+10% HP) [potion of
                  | mutation]
  2343 | D:4      | 2343 ||| Stepping ~*~*~tactically~*~*~ (stealth).
  2355 | D:4      | Reached skill level 5 in Shields
  2364 | D:4      | Reached XP level 6. HP: 27/40 MP: 6/6
  2364 | D:4      | 2364 ||| FLEEEEING.
  2365 | D:4      | 2365 ||| FLEEEEING.
  2366 | D:4      | 2366 ||| STAIRDANCE
  2420 | D:4      | 2420 ||| DROPPING +0 whip.
  2424 | D:4      | Found a radiant altar of Vehumet.
  2433 | D:4      | Found a shimmering blue altar of Sif Muna.
  2511 | D:4      | 2511 ||| Stepping ~*~*~tactically~*~*~ (stealth).
  2856 | D:4      | Found Capnagua's Self-Improvement Boutique.
  2887 | D:4      | Noticed Sigmund
  2899 | D:4      | Killed Sigmund
  2900 | D:4      | Reached skill level 7 in Shields
  2900 | D:4      | Reached XP level 7. HP: 31/45 MP: 7/7
  2963 | D:4      | Identified the +11 quarterstaff of Cheibriados {heavy,
                  | Will+}
  3423 | D:4      | 3423 ||| READING 2 scrolls labelled GEFYOW MINOUC.
  3424 | D:4      | 3424 ||| DROPPING scroll of fog.
  3489 | D:5      | Entered Level 5 of the Dungeon
  3516 | D:5      | HP: 10/45 [ice beast (7)]
  3517 | D:5      | 3517 ||| READING scroll of teleportation.
  3519 | D:5      | Slain by an ice beast

Levels and vault maps discovered:
D:1:      tarquinn_simple_flora_water_e, layout_rooms,
          dreamdust_ecumenical_altar_drowned_temple, chequers_big_river
D:2:      layout_rooms
D:3:      layout_loops_ring, nicolae_qazlal_general_emergency
D:4:      layout_basic, mainiacjoe_overflow_big_doors, interstate_on_off,
          grunt_ministairs_12, nicolae_shop_self_help, uniq_sigmund
D:5:      layout_loops_ring, ebering_ghost_disaster_area, serial_demonic,
          serial_demonic_e, serial_demonic_g, serial_demonic_e,
          serial_demonic_f, nicolae_shop_sticking_my_neck_out

Skill      XL: |  1  2  3  4  5  6 |
---------------+-------------------+-----
Axes           | 2 3 4 |  4.3
Shields        | 4 5 7 |  7.4
Fighting       | |  3.2
Armour         | |  3.2

Action                     |  1- 3 |  4- 6 |  7- 9 || total
---------------------------+-------+-------+-------++-------
  Melee: War axe           |    92 |   203 |    28 ||   323
    Use: Scroll            |     4 |     3 |     2 ||     9
         Potion            |     1 |     4 |       ||     5
 Armour: Scale mail        |    30 |       |       ||    30
         Chain mail        |    17 |   116 |     6 ||   139
  Dodge: Dodged            |    24 |    36 |     3 ||    63
  Block: Buckler           |    17 |     8 |       ||    25
         Tower shield      |       |   105 |    22 ||   127

Table legend:
 A = Non-vault XP
 B = Vault XP
 C = Vault XP percentage of total XP
 D = Non-vault monster count
 E = Vault monster count
 F = Vault count percentage of total count
                 A         B        C        D         E       F
            +---------+---------+-------+---------+---------+-------
      Total |     543 |     234 |  30.1 |      91 |       4 |   4.2
            +---------+---------+-------+---------+---------+-------
        D:1 |      52 |       1 |   1.9 |      25 |       1 |   3.8
        D:2 |      83 |       0 |   0.0 |      24 |       0 |   0.0
        D:3 |     130 |       0 |   0.0 |      26 |       0 |   0.0
        D:4 |     199 |     233 |  53.9 |      15 |       3 |  16.7
        D:5 |      79 |       0 |   0.0 |       1 |       0 |   0.0
            +---------+---------+-------+---------+---------+-------
